 Dungeon Crawl Stone Soup version 0.15-a0-1646-g393eda0 (webtiles) character file.

47 Nikss the Ruinous (level 3, -3/26 HPs)
             Began as a Draconian Conjurer on June 22, 2014.
             Slain by Crazy Yiuf
             ... wielding a +4 quarterstaff of chaos
              (6 damage)
             ... on Level 2 of the Dungeon.
             The game lasted 00:16:26 (1995 turns).

Nikss the Ruinous (Draconian Conjurer)              Turns: 1995, Time: 00:16:27

HP  -3/26        AC  6     Str 10      XL: 3   Next: 48%
MP  15/15        EV 12     Int 16      God:
Gold 82          SH  0     Dex 11      Spells:  1 memorised,  5 levels left

rFire  . . .     SeeInvis .     f - +4 dagger (freeze)
rCold  . . .     Clarity  .     (armour unavailable)
rNeg   + . .     rCorr    .     (no shield)
rPois  .         rRot     .     (helmet restricted)
rElec  .         Spirit   .     (no cloak)
SustAb .         Warding  .     n - +0 pair of gloves
rMut   .         Stasis   .     (no boots)
Gourm  .                        (no amulet)
MR     .....                    v - ring of magical power
                                d - ring of positive energy

@: lethally poisoned, about to teleport, hasted, very quick, not resistant to
hostile enchantments, unstealthy
A: unfitting armour, cold-blooded, AC +5
a: no special abilities


You were on level 2 of the Dungeon.
You were not hungry.

You visited 1 branch of the dungeon, and saw 2 of its levels.

You collected 82 gold pieces.

Inventory:

Hand weapons
 f - a +4 dagger of freezing (weapon)
 h - a +0 dagger
 i - a +0 short sword
 j - a cursed -2 club
 m - a +0 club
 o - a +1 dagger
 p - a +0 mace
 s - a +0 club
 t - a +0 dagger
 w - a +0 whip
 x - a +0 club
 z - a +0 dagger
 G - a +0 hammer
 H - a +0 hammer
 I - a cursed +0 hammer
 J - a cursed -2 hammer
Missiles
 a - 48 arrows
 k - a stone (quivered)
 q - 22 bolts
 u - 13 arrows of flame
 y - 27 sling bullets
Armour
 e - a +2 robe
 g - a +0 ring mail
 n - a +0 pair of gloves (worn)
 A - a +0 cloak
Comestibles
 b - 2 bread rations
 B - a beef jerky
Scrolls
 C - a scroll of remove curse
 E - a scroll of identify
Jewellery
 d - a ring of positive energy (left hand)
 l - an uncursed ring of teleport control
 v - a ring of magical power (right hand)
Potions
 F - a potion of paralysis {unknown}
Books
 c - a book of Conjurations

   Spells                             Type                      Level
   *Magic Dart                        Conjuration                  1
   Searing Ray                        Conjuration                  2
   Dazzling Spray                     Conjuration/Hexes            3
   Fulminant Prism                    Conjuration/Hexes            4
   Iskenderun's Mystic Blast          Conjuration                  4
   Iskenderun's Battlesphere          Conjuration/Charms           5


   Skills:
 + Level 0.2 Fighting
 + Level 2.1 Dodging
 + Level 1.9 Stealth
 + Level 2.1 Spellcasting
 + Level 4.9 Conjurations


You had 5 spell levels left.
You knew the following spells:

 Your Spells              Type           Power        Failure   Level  Hunger
a - Magic Dart            Conj           ###.         3%          1    #......


Dungeon Overview and Level Annotations

Branches:
Dungeon (2/15)

Altars:

Annotations:
D:2 Crazy Yiuf


Innate Abilities, Weirdness & Mutations

Your plain brown scales are hard (AC +5).
Your body does not fit into most forms of armour.
Your cold-blooded metabolism reacts poorly to cold.


Message History

Crazy Yiuf barely misses you.
Found three hammers.
You see here a runed hammer.
You barely miss Crazy Yiuf.
Crazy Yiuf hits you with a quarterstaff of chaos!
Crazy Yiuf burns you.
Read which item? (? for menu, Esc to quit)
As you read the scroll of teleportation, it crumbles to dust.
You feel strangely unstable.
Crazy Yiuf hits you with a quarterstaff of chaos!
* * * LOW HITPOINT WARNING * * *
You are lethally poisoned!
Unknown command.
Drink which item? (? for menu, Esc to quit)
You feel yourself speed up.
It was a potion of haste.
* * * LOW HITPOINT WARNING * * *
You feel sick.
Crazy Yiuf says, "Race childish shoe!"
Crazy Yiuf hits you with a quarterstaff of chaos.
You die...

#......#
#.......#............
####......#
##########...........
......#+#### #...........
#####......# #####
#........... #......# #).)#
#........... #####......#
#)))# #...........
...........# )))
#........... ..........##
#g# #......##### ..........#
♣♣@♣ #.###+## ..........##
♣)♣♣ #......# ...........#
♣♣.♣ #. #...# ##########.#
♣.♣♣ #.##...##### # #.#
♣♣.♣♣ #........%.. # #.#
♣...♣♣ #..######### # #.#
♣....♣ #..#....# . # #####'#
#+..+# #..#.##.# ## #
#.....###....####..#.##.#.##


You could see Crazy Yiuf.

Vanquished Creatures
  An adder (D:2)
  2 giant geckos (D:1)
  An ooze (D:1)
  2 giant cockroaches
  4 goblins
  5 hobgoblins
  3 kobolds (D:1)
  A quokka (D:2)
  2 ball pythons
  4 bats
  2 giant newts (D:1)
  5 rats
32 creatures vanquished.

Notes
Turn   | Place    | Note
--------------------------------------------------------------
     0 | D:1      | Nikss, the Draconian Conjurer, began the quest for the Orb.
     0 | D:1      | Reached XP level 1. HP: 14/14 MP: 3/3
   438 | D:1      | Reached XP level 2. HP: 18/20 MP: 0/4
  1296 | D:2      | Reached XP level 3. HP: 23/26 MP: 6/6
  1989 | D:2      | Noticed Crazy Yiuf
  1995 | D:2      | Slain by Crazy Yiuf

Action                   || total
-------------------------++-------
Melee: Dagger            ||    23
       Unarmed           ||     3
 Cast: Magic Dart        ||    58
  Use: Scroll            ||    12
       Potion            ||     4
